 Dungeon Crawl Stone Soup version 0.31-a0-844-gdc52ec4e09 (webtiles) character file.

Game seed: 5823968334547476446

597 Dirtsage the Chopper (level 7, 41/52 HPs)
             Began as a Demonspawn Berserker on Sept 28, 2023.
             Was a Believer of Trog.
             Quit the game on level 4 of the Dungeon.
             The game lasted 00:05:11 (3292 turns).

Dirtsage the Chopper (Demonspawn Berserker)         Turns: 3292, Time: 00:05:11

Health: 41/52      AC:  6    Str: 20    XL:     7   Next: 17%
Magic:  7/7        EV: 11    Int:  8    God:    Trog [**....]
Gold:   268        SH:  0    Dex: 12    Spells: 6/6 levels left

rFire   . . .        a - +0 hand axe
rCold   + . .        (no shield)
rNeg    . . .        d - +0 ring mail
rPois   .            (helmet restricted)
rElec   .            (no cloak)
rCorr   .            s - +0 pair of gloves
SInv    .            (no boots)
Will    .....        (no amulet)
Stlth   +            I - ring of protection from cold
HPRegen 0.28/turn    (no ring)
MPRegen 0.10/turn

%: no passive effects
@: on berserk cooldown, slowed, very slow
A: antennae 1, foul stench 2, spiny 1
a: Renounce Religion, Berserk, Trog's Hand


You were on level 4 of the Dungeon.
You worshipped Trog.
Trog was pleased with you.
You visited 1 branch of the dungeon, and saw 4 of its levels.
You also visited: Sewer.

You collected 268 gold pieces.

Inventory:

Hand Weapons
 a - a +0 hand axe (weapon)
Armour
 d - a +0 ring mail (worn)
 s - a +0 pair of gloves (worn)
Jewellery
 I - a ring of protection from cold (left hand)
Wands
 j - a wand of roots (11)
Scrolls
 c - 9 scrolls of identify {unknown}
 f - 3 scrolls of teleportation {unknown}
 h - a scroll of immolation {unknown}
 i - a scroll of enchant armour {unknown}
 l - a scroll of amnesia {unknown}
 m - a scroll of acquirement {unknown}
 n - a scroll of brand weapon {unknown}
 u - a scroll of fear {unknown}
 v - a scroll of revelation {unknown}
Potions
 b - a potion of enlightenment {unknown}
 e - a potion of brilliance {unknown}
 g - a potion of resistance {unknown}
 k - a potion of degeneration {unknown}
 o - a potion of lignification {unknown}
 q - a potion of heal wounds {unknown}
 r - a potion of mutation {unknown}
 t - a potion of curing {unknown}


   Skills:
 - Level 3.0 Fighting
 + Level 7.6 Axes
 - Level 1.7 Armour
 - Level 1.7 Dodging


You had 6 spell levels left.
You didn't know any spells.
Your spell library contained the following spells:

 Spells                   Type           Power      Damage    Failure   Level
 Blink                    Tloc           0%         N/A       73%         2
 Manifold Assault         Tloc           0%         N/A       100%        4


Dungeon Overview and Level Annotations

Branches:
Dungeon (4/15)              Sewer (visited)
 Temple: D:4-7

Altars:


Innate Abilities, Weirdness & Mutations

You have a pair of small antennae on your head.
You sometimes emit foul miasma when damaged in melee.
You are partially covered in sharp spines.


Message History

You now have 70/70 hp.
You slash Edmund!
Edmund is moderately wounded.
You hit Edmund.
Edmund is moderately wounded.
Edmund says, "You wouldn't believe how much I paid for this flail."
Edmund barely misses you.
You hit Edmund.
Edmund is heavily wounded.
Edmund hits you with a +1 dire flail of protection!
You emit a cloud of foul miasma!
You take 8 damage, and have 62/70 hp.
You barely miss Edmund.
Edmund is heavily wounded.
You hit Edmund but do no damage.
Edmund is heavily wounded.
Edmund is engulfed in dark miasma.
Edmund is poisoned.
Edmund seems to slow down.
Edmund hits you with a +1 dire flail of protection!
You take 8 damage, and have 54/70 hp.
You hit Edmund.
Edmund is almost dead.
You barely miss Edmund.
Edmund is almost dead.
Edmund is no longer moving slowly.
Edmund is engulfed in dark miasma.
You kill Edmund!
Trog accepts your kill.
You have reached level 7!
Your demonic ancestry asserts itself...
Sharp spines emerge from parts of your body.
You regained 7 hp, and now have 61/78 hp.
MP restored: 7 You start resting.
You feel a strong urge to attack something.
You start resting.
You are no longer berserk.
You are exhausted.
You feel yourself slow down.
You now have 41/52 hp.
Are you sure you want to abandon this character and quit the game? (Confirm with "yes".)

...... # #....#.#
#....#.## .#.... #
#.(...... ......
#.#.(........###.>..
#####.#.................
.......°.....###.###....
#@#...............
########.#...............
.........................
...........##.###.####.##
########.....†....# #...
#...######.# #.## #...#
#.# #.##
#..#######.####.##
#......>......)...


There were no monsters in sight!

Vanquished Creatures
  Edmund (D:4)
  2 kobold brigands (Sewer)
  A scorpion (D:4)
  A sleepcap (D:4)
  Terence (D:2)
  Jessica (D:2)
  Natasha (twice) (D:3)
  6 adders
  2 river rats (Sewer)
  An ufetubus (D:3)
  3 worms
  An orc (D:4)
  14 ball pythons
  6 endoplasms
  3 giant cockroaches
  5 goblins
  4 hobgoblins
  4 jackals (D:1)
  8 kobolds
  A quokka (D:4)
  4 bats
  6 frilled lizards
  9 rats
86 creatures vanquished.

Notes
Turn   | Place    | Note
-------+----------+-------------------------------------------
     0 | D:1      | Dirtsage the Demonspawn Berserker began the quest for the
                  | Orb.
     0 | D:1      | Reached XP level 1. HP: 18/18 MP: 1/1
    64 | D:1      | Reached skill level 3 in Axes
    94 | D:1      | Gained mutation: You have a pair of small antennae on your
                  | head. [demonic ancestry]
    94 | D:1      | Reached XP level 2. HP: 22/24 MP: 2/2
   463 | D:1      | Reached XP level 3. HP: 29/29 MP: 3/3
   499 | D:1      | Found a faded altar of an unknown god.
   656 | D:2      | Noticed Jessica
   661 | D:2      | Killed Jessica
   662 | D:2      | Reached skill level 4 in Axes
   870 | D:2      | Reached ** piety under Trog
   921 | D:2      | Reached XP level 4. HP: 35/35 MP: 4/4
  1028 | D:2      | Noticed Terence
  1039 | D:2      | Killed Terence
  1080 | D:2      | Identified the +0 robe of the Forest {-Tele Int+3 Dex+3
                  | Slay+2}
  1456 | D:3      | Reached skill level 5 in Axes
  1574 | D:3      | Found a glowing drain.
  1599 | Sewer    | Entered a sewer
  1749 | Sewer    | Gained mutation: You may rarely emit foul miasma when
                  | damaged in melee. [demonic ancestry]
  1749 | Sewer    | Reached XP level 5. HP: 40/41 MP: 5/5
  2040 | Sewer    | Reached skill level 6 in Axes
  2042 | Sewer    | Gained mutation: You sometimes emit foul miasma when
                  | damaged in melee. [demonic ancestry]
  2042 | Sewer    | Reached XP level 6. HP: 25/47 MP: 6/6
  2045 | Sewer    | Saving game... please wait.
  2457 | D:3      | Noticed Natasha
  2467 | D:3      | Killed Natasha
  2588 | D:3      | Noticed Natasha
  2594 | D:3      | Killed Natasha
  3055 | D:4      | Reached skill level 7 in Axes
  3277 | D:4      | Noticed Edmund
  3288 | D:4      | Killed Edmund
  3289 | D:4      | Gained mutation: You are partially covered in sharp spines.
                  | [demonic ancestry]
  3289 | D:4      | Reached XP level 7. HP: 52/52 MP: 7/7
  3292 | D:4      | Quit the game

Illustrated notes

Levels and vault maps discovered:
D:1:      psy_arrival_statuary, layout_rooms, serial_curves, eino_curves_03,
          eino_curves_02, eino_curves_04, dilly_ecumenical_altar_fadedgnrine
D:2:      layout_basic, uniq_terence, uniq_jessica
D:3:      layout_loops_cross, portal_sewer_entry_a, uniq_natasha
D:4:      layout_basic, uniq_edmund

Skill      XL: |  1  2  3  4  5  6 |
---------------+-------------------+-----
Axes           | 3 4 5 6 7 |  7.6
Fighting       | |  3.0
Armour         | |  1.7
Dodging        | |  1.7

Action                     |  1- 3 |  4- 6 |  7- 9 || total
---------------------------+-------+-------+-------++-------
  Melee: Hand axe          |    69 |   208 |       ||   277
         Punch             |     1 |       |       ||     1
  Throw: Dart              |       |     2 |       ||     2
 Invoke: Berserk           |     2 |     5 |       ||     7
 Armour: Animal skin       |     3 |       |       ||     3
         Ring mail         |    34 |   109 |       ||   143
  Dodge: Dodged            |    57 |    90 |       ||   147

Table legend: (Time is in decaauts)
 A = Elapsed time spent in this place.
 B = Non-inter-level travel time spent in this place.
 C = Inter-level travel time spent in this place.
 D = Time resting spent in this place.
 E = Time spent auto-exploring this place.
 F = Levels seen in this place.
 G = Mean time per level.
                   A        B        C        D        E       F      G
               +--------+--------+--------+--------+--------+-----+--------+
         Total |   3426 |   3349 |     77 |    377 |   2382 |   5 |  685.2 |
       Dungeon |   2612 |   2535 |     77 |    334 |   1808 |   4 |  653.0 |
         Sewer |    813 |    813 |      0 |     42 |    574 |   1 |  813.0 |
               +--------+--------+--------+--------+--------+-----+--------+

Top non-repeatable levels by time:
     D:2: 838 daAuts
   Sewer: 813 daAuts
     D:3: 787 daAuts
     D:1: 628 daAuts
     D:4: 359 daAuts
